AoeStats
← Snowryder

Arabia

502126352Analyzed
3v3 RM · 1mo ago on Aug 26, 2026· 51m 44s· 6 players
Game mode
Random Map
Map size
Normal (6 player)
Population
200
Speed
Normal
Resources
Standard
Victory
Conquest
Starting age
Dark Age
Ending age
Imperial Age
RankedLock teamsTeams togetherTeam positionsShared explorationLock speedFull tech treeHidden civsTurbo modeCheats
Victory
Defeat
🇨🇳 Magyars · China
1157
+11
🇨🇦 Italians · Canada
1122
+13
🇲🇽 Khmer · Mexico
1078
+15
🇺🇸 Vietnamese · United States
1058
-13
🇺🇸 Malians · United States
1057
-13
🇺🇸 Saracens · United States
1034
-12
dafr1997
6:43 Loom
8:43 Feudal Age
11:59 Double-Bit Axe
18:56 Wheelbarrow
19:38 Forging
19:34 Scale Barding Armor
19:21 Gold Mining
21:36 Castle Age
20:22 Bloodlines
21:24 Town Watch
22:32 Husbandry
23:36 Chain Barding Armor
24:39 Iron Casting
28:59 Town Patrol
32:27 Bow Saw
35:12 Pikeman
44:27 Imperial Age
42:09 Tusk Swords
45:43 Conscription
46:04 Capped Ram
48:01 Hand Cart
49:16 Theocracy
49:02 Sanctity
48:53 Fervor
49:40 Fletching
49:53 Siege Ram
bumap
3:04 Loom
10:35 Feudal Age
16:43 Castle Age
15:45 Double-Bit Axe
16:48 Horse Collar
24:00 Stone Mining
24:57 Bow Saw
25:28 Heavy Plow
26:53 Fletching
27:53 Wheelbarrow
27:39 Crossbowman
28:39 Bodkin Arrow
28:40 Gold Mining
32:53 Imperial Age
30:25 Elite Skirmisher
31:10 Light Cavalry
32:01 Forging
31:52 Padded Archer Armor
32:04 Husbandry
32:30 Bloodlines
33:25 Thumb Ring
33:40 Scale Barding Armor
35:06 Hand Cart
35:45 Bracer
36:18 Conscription
36:26 Ballistics
37:58 Chemistry
37:31 Town Watch
39:14 Leather Archer Armor
40:05 Arbalester
42:15 Elite Genoese Crossbowman
43:32 Hussar
46:39 Masonry
47:53 Ring Archer Armor
47:06 Treadmill Crane
49:19 Iron Casting
49:07 Pirotechnia
50:30 Two-Man Saw
49:18 Capped Ram
50:42 Pikeman
小传奇
6:48 Loom
9:19 Feudal Age
10:57 Double-Bit Axe
17:03 Horse Collar
21:04 Castle Age
20:17 Fletching
20:27 Padded Archer Armor
20:20 Gold Mining
21:08 Bloodlines
22:58 Bow Saw
24:20 Wheelbarrow
23:31 Town Watch
23:38 Town Watch
24:50 Bodkin Arrow
27:49 Husbandry
29:36 Leather Archer Armor
30:16 Ballistics
38:58 Imperial Age
38:00 Hand Cart
38:24 Thumb Ring
40:04 Bracer
41:20 Chemistry
40:54 Parthian Tactics
41:01 Ring Archer Armor
41:47 Conscription
41:34 Recurve Bow
43:07 Heavy Cavalry Archer
45:05 Scale Barding Armor
45:02 Corvinian Army
44:22 Elite Magyar Huszar
47:15 Chain Barding Armor
46:17 Elite Magyar Huszar
48:08 Gold Shaft Mining
47:23 Stone Mining
51:19 Plate Barding Armor
Kaiser Wilhelm
6:37 Loom
9:36 Feudal Age
10:15 Double-Bit Axe
10:13 Horse Collar
21:04 Castle Age
19:26 Padded Archer Armor
19:18 Fletching
19:29 Padded Archer Armor
19:44 Bloodlines
22:12 Bodkin Arrow
22:33 Leather Archer Armor
23:17 Gold Mining
23:34 Husbandry
24:12 Thumb Ring
27:30 Ballistics
35:18 Wheelbarrow
34:29 Town Watch
35:50 Hand Cart
35:37 Town Patrol
42:28 Stone Mining
45:33 Imperial Age
46:27 Bracer
46:58 Ring Archer Armor
47:30 Chemistry
47:11 Paper Money
47:54 Elite Rattan Archer
47:58 Crossbowman
48:02 Heavy Cavalry Archer
Snowryder
10:19 Loom
12:05 Feudal Age
13:02 Double-Bit Axe
13:00 Horse Collar
19:21 Castle Age
22:48 Town Watch
23:40 Wheelbarrow
26:31 Bloodlines
26:57 Scale Barding Armor
27:03 Forging
34:06 Imperial Age
32:44 Chain Barding Armor
33:01 Iron Casting
32:40 Husbandry
33:05 Heavy Plow
33:19 Bow Saw
35:10 Conscription
35:54 Plate Barding Armor
35:20 Elite Mameluke
36:53 Counterweights
39:42 Blast Furnace
39:19 Bimaristan
GunShow
10:30 Feudal Age
13:21 Loom
15:13 Double-Bit Axe
23:58 Castle Age
24:08 Pikeman
29:03 Scale Mail Armor
29:14 Forging
30:56 Man-at-Arms
33:41 Horse Collar
33:55 Long Swordsman
35:19 Bow Saw
41:13 Imperial Age
44:52 Two-Handed Swordsman
45:46 Light Cavalry
Connection lost

Rejoining the realm…

Still unreachable

The connection could not be restored.

Session expired

The server has moved on; the page needs a fresh start.